 Dungeon Crawl Stone Soup version 0.20-a0-11-ga97c7b5 (webtiles) character file.

47 dobroeutro the Covered (level 3, -2/23 HPs)
             Began as a Gargoyle Fighter on Nov 2, 2016.
             Slain by Sigmund
             ... wielding a +0 scythe
              (8 damage)
             ... on level 2 of the Dungeon.
             The game lasted 00:02:16 (1385 turns).

dobroeutro the Covered (Gargoyle Fighter)           Turns: 1385, Time: 00:02:17

Health: -2/23      AC: 12    Str: 19    XL:     3   Next: 70%
Magic:  3/3        EV:  7    Int:  8    God:
Gold:   18         SH:  9    Dex: 10    Spells: 0 memorised, 2 levels left

rFire  . . .     SeeInvis .     a - +0 flail
rCold  . . .     Gourm    .     b - +0 scale mail
rNeg   + . .     Faith    .     c - +0 shield
rPois  ∞         Spirit   .     (no helmet)
rElec  +         Reflect  .     (no cloak)
rCorr  .         Harm     .     e - +1 pair of gloves
MR     .....                    (no boots)
Stlth  ..........               (no amulet)
                                (no ring)
                                (no ring)

@: no status effects
A: negative energy resistance 1, electricity resistance, unbreathing,
petrification resistance, rot immunity, AC +3
a: no special abilities


You were on level 2 of the Dungeon.
You were not hungry.

You visited 1 branch of the dungeon, and saw 2 of its levels.

You collected 18 gold pieces.

Inventory:

Hand Weapons
 a - a +0 flail (weapon)
Armour
 b - a +0 scale mail (worn)
 c - a +0 shield (worn)
 e - a +1 pair of gloves (worn)
Scrolls
 h - 2 scrolls of immolation {unknown}
 i - 6 scrolls of identify {unknown}
 k - a scroll of random uselessness {unknown}
 n - a scroll of teleportation {unknown}
Potions
 d - 2 potions of might
 l - 2 potions of brilliance {unknown}
 m - a potion of curing {unknown}
 o - a potion of lignification {unknown}
Comestibles
 f - 4 bread rations
 g - a meat ration
 j - a slice of pizza
 p - a beef jerky


   Skills:
 + Level 3.6 Fighting
 * Level 3.1 Maces & Flails
 + Level 3.6 Armour
 + Level 0.7 Dodging
 - Level 3.2 Shields


You had 2 spell levels left.
You didn't know any spells.

Dungeon Overview and Level Annotations

Branches:
Dungeon (2/15)

Altars:

Annotations:
D:2 Sigmund


Innate Abilities, Weirdness & Mutations

You are resistant to torment.
Your stone body is resilient. (AC +3)
You are immune to poison.
You resist negative energy. (rN+)
You are resistant to electric shocks. (rElec)
You can survive without breathing.
You are immune to petrification.
You are immune to rotting.


Message History

Sigmund is nearby!
Sigmund is nearby!
Sigmund hits you but does no damage.
You hit Sigmund but do no damage. Sigmund hits you with a scythe.
Your shield and scale mail prevent you from hitting Sigmund.
Sigmund gestures at you while chanting. The magic dart hits you!
You closely miss Sigmund. Sigmund hits you with a scythe!
You hit Sigmund but do no damage. You block Sigmund's attack.
Your shield prevents you from hitting Sigmund.
Your scale mail prevents you from hitting Sigmund.
Sigmund hits you but does no damage.
You barely miss Sigmund. Sigmund hits you with a scythe.
* * * LOW HITPOINT WARNING * * *
You are too injured to fight recklessly!
You are too injured to fight recklessly!
You are too injured to fight recklessly!
You are too injured to fight recklessly!
Sigmund hits you from afar with a scythe!
You die...

...##..#.# .###.##..#.#
...........# ####.##..###
###.##..# .#####.......#
.......@.##.##
.#####...##.#
.......@.##.# ###
######..###.# >.## #..#
#.# #... #..# #.#### #..#
#..# #...)## #..###
#######..###.....# #....
.................#
##..##########.....#)(...#
....##.........#.........#


You could see Sigmund.

Vanquished Creatures
  An adder (D:2)
  2 worms (D:2)
  2 ball pythons (D:1)
  5 bats (D:1)
  2 giant cockroaches (D:1)
  6 goblins
  4 hobgoblins (D:1)
  3 frilled lizards
  4 kobolds (D:1)
  2 rats
31 creatures vanquished.

Notes
Turn   | Place    | Note
-------+----------+-------------------------------------------
     0 | D:1      | dobroeutro the Gargoyle Fighter began the quest for the Orb.
     0 | D:1      | Reached XP level 1. HP: 14/14 MP: 1/1
   150 | D:1      | Reached XP level 2. HP: 19/19 MP: 2/2
   965 | D:1      | Reached XP level 3. HP: 23/23 MP: 3/3
  1203 | D:2      | Noticed Sigmund
  1385 | D:2      | Slain by Sigmund

Vault maps used:
D:1:      minmay_arrival_diagonal_passages
D:2:      nicolae_overflow_crystal_walls, uniq_sigmund

Skill      XL: |  1  2  3 |
---------------+----------+-----
Maces & Flails | 3 |  3.1
Fighting       | |  3.6
Armour         | |  3.6
Dodging        | |  0.7
Shields        | |  3.2

Action                   || total
-------------------------++-------
Melee: Flail             ||   105
  Eat: Chunk             ||     2
Armor: Scale mail        ||    49
Dodge: Dodged            ||    20
Block: Shield            ||    46
